 Dungeon Crawl Stone Soup version 0.18.1-48-g4cf74bf (webtiles) character file.

46 Gargoyl the Skirmisher (level 3, -1/29 HPs)
             Began as a Demonspawn Abyssal Knight on Aug 16, 2016.
             Was a Follower of Lugonu.
             Slain by Gargoyl's ghost (8 damage)
             ... on level 4 of the Dungeon.
             The game lasted 00:04:19 (2135 turns).

Gargoyl the Skirmisher (Demonspawn Abyssal Knight)  Turns: 2135, Time: 00:04:20

Health: -1/29      AC: 13    Str: 11 (13) XL:     3   Next: 46%
Magic:  4/4        EV:  0    Int: 12 (13) God:    Lugonu [*.....]
Gold:   125        SH:  9    Dex:  9 (11) Spells: 0 memorised, 2 levels left

rFire  . . .     SeeInvis .     a - +1 hand axe
rCold  . . .     Gourm    .     e - +0 chain mail
rNeg   . . .     Faith    +     j - +0 large shield
rPois  .         Spirit   .     (no helmet)
rElec  .         Dismiss  .     (no cloak)
rCorr  .         Reflect  .     (no gloves)
SustAt .         Harm     .     (no boots)
MR     .....                    f - amulet of faith
Stlth  ..........               (no ring)
                                (no ring)

@: not resistant to hostile enchantments, extremely unstealthy
A: rough black scales 1
a: Depart the Abyss, Renounce Religion


You were on level 4 of the Dungeon.
You worshipped Lugonu.
Lugonu was aware of your devotion.
You were not hungry.

You visited 1 branch of the dungeon, and saw 4 of its levels.
You visited the Abyss 1 time.

You collected 125 gold pieces.

Inventory:

Hand Weapons
 a - a +1 hand axe (weapon)
Armour
 e - a +0 chain mail (worn)
 j - a +0 large shield (worn)
 o - a +0 helmet
Jewellery
 f - an amulet of faith (around neck)
Scrolls
 d - 4 scrolls of remove curse {unknown}
 h - 2 scrolls of teleportation
 i - a scroll of random uselessness {unknown}
 k - a scroll of enchant armour {unknown}
 l - 2 scrolls of identify {unknown}
 n - a scroll of amnesia {unknown}
 p - a scroll of fear {unknown}
Potions
 m - a potion of curing
Comestibles
 c - 3 bread rations
 g - a meat ration


   Skills:
 + Level 3.5 Fighting
 + Level 1.9 Axes
 * Level 2.8 Armour
 + Level 1.1 Dodging
 + Level 0.3 Shields
 + Level 2.5 Invocations


You had 2 spell levels left.
You didn't know any spells.

Dungeon Overview and Level Annotations

Branches:
Dungeon (4/15)
 Temple: D:4-7

Altars:
Kikubaaqudgha

Annotations:
D:3 Tagedieb's ghost, amateur SpEn
D:4 Gargoyl's ghost, amateur DsAK


Innate Abilities, Weirdness & Mutations

You are partially covered in rough black scales (AC +4, Dex -1).


Message History

Gargoyl's ghost is moderately damaged.
Gargoyl's ghost hits you but does no damage.
You hit Gargoyl's ghost but do no damage.
Gargoyl's ghost is moderately damaged.
You block Gargoyl's ghost's attack.
You hit Gargoyl's ghost but do no damage.
Gargoyl's ghost is moderately damaged.
You block Gargoyl's ghost's attack. x2
You hit Gargoyl's ghost but do no damage.
Gargoyl's ghost is moderately damaged.
Gargoyl's ghost hits you.
* * * LOW HITPOINT WARNING * * *
You hit Gargoyl's ghost.
Gargoyl's ghost is moderately damaged.
Gargoyl's ghost hits you but does no damage.
You block Gargoyl's ghost's attack.
You hit Gargoyl's ghost but do no damage.
Gargoyl's ghost is moderately damaged.
Gargoyl's ghost hits you!
You die...

#..# #..####...
#.......# #
#####..###### .#
#......# ..# #.####.#
... #.# ..#
#.##########...#
.####.........@WZ..#
#..(.......########.#
#.##########


You could see Gargoyl's ghost and a centaur skeleton.

Vanquished Creatures
  A gnoll (D:1)
  An ooze (D:3)
  A giant gecko (D:1)
  A giant cockroach (D:1)
  3 hobgoblins
  2 quokkas
  3 bats
  10 goblins
  6 kobolds
  2 rats (D:1)
30 creatures vanquished.

Notes
Turn   | Place    | Note
--------------------------------------------------------------
     0 | Abyss:1  | Gargoyl the Demonspawn Abyssal Knight began the quest for the Orb.
     0 | Abyss:1  | Reached XP level 1. HP: 18/18 MP: 2/2
    60 | D:1      | Escaped the Abyss
   516 | D:1      | Reached * piety under Lugonu
   577 | D:1      | Gained mutation: You are partially covered in rough black scales (AC +4, Dex -1). [demonic ancestry]
   577 | D:1      | Reached XP level 2. HP: 24/24 MP: 3/3
   753 | D:1      | Reached skill level 1 in Dodging
  1113 | D:2      | Reached XP level 3. HP: 28/29 MP: 4/4
  1702 | D:3      | Noticed Tagedieb's ghost (amateur SpEn)
  1730 | D:3      | Gained mutation: Your body sometimes deteriorates upon taking damage. [potion of mutation]
  1730 | D:3      | Gained mutation: You have a pair of small horns on your head. [potion of mutation]
  1730 | D:3      | Gained mutation: Your flesh is heat resistant. [potion of mutation]
  1883 | D:3      | Found an ancient bone altar of Kikubaaqudgha.
  2115 | D:4      | Noticed Gargoyl's ghost (amateur DsAK)
  2115 | D:4      | Lost mutation: Your flesh is heat resistant. [potion of cure mutation]
  2115 | D:4      | Lost mutation: Your body sometimes deteriorates upon taking damage. [potion of cure mutation]
  2115 | D:4      | Lost mutation: You have a pair of small horns on your head. [potion of cure mutation]
  2135 | D:4      | Slain by Gargoyl's ghost

Skill      XL: |  1  2 |
---------------+-------+-----
Armour         | 2 |  2.8
Dodging        | 1 |  1.1
Fighting       | |  3.5
Axes           | |  1.9
Shields        | |  0.3
Invocations    | |  2.5

Action                   || total
-------------------------++-------
Melee: Hand axe          ||   110
       Headbutt          ||     1
Invok: Depart the Abyss  ||     1
  Use: Potion            ||     4
       Scroll            ||     1
  Eat: Chunk             ||     4
Armor: Chain mail        ||   109
Dodge: Dodged            ||     4
Block: Large shield      ||    64
